 Dungeon Crawl Stone Soup version 0.29.1-13-g9f3cf754e1 (webtiles) character file.

Game seed: 16362843476217203738

88 growler the Chopper (level 4, -2/19 (30) HPs)
             Began as a Demonspawn Wanderer on Jan 22, 2023.
             Slain by Terence
             ... wielding a +2 mace of draining
              (3 damage)
             ... on level 2 of the Dungeon.
             The game lasted 00:03:45 (2291 turns).

growler the Chopper (Demonspawn Wanderer)           Turns: 2291, Time: 00:03:46

HP:   -2/19 (30)    AC:  6    Str: 16    XL:     4   Next: 29%
MP:   4/4           EV: 11    Int: 10    God:
Gold: 43            SH:  0    Dex: 14    Spells: 3/3 levels left

rFire   . . .      SeeInvis .   a - +2 hand axe
rCold   . . .      Faith    .   (no shield)
rNeg    . . .      Spirit   .   e - +0 leather armour
rPois   .          Reflect  .   (no helmet)
rElec   .          Harm     .   c - +0 cloak
rCorr   .          Rampage  .   (no gloves)
Will    .....                   (no boots)
Stlth   ++........              (no amulet)
HPRegen 0.06/turn               (no ring)
MPRegen 0.09/turn               (no ring)

@: about to teleport, very heavily drained
A: icy blue scales 1, powered by death 1
a: no special abilities


You were on level 2 of the Dungeon.
You visited 1 branch of the dungeon, and saw 2 of its levels.

You collected 43 gold pieces.

Inventory:

Hand Weapons
 a - a +2 hand axe (weapon)
 b - a +0 short sword
Armour
 c - a +0 cloak (worn)
 e - a +0 leather armour (worn)
Jewellery
 m - a +6 ring of strength
Scrolls
 d - a scroll of blinking
 g - a scroll of teleportation
 i - a scroll of identify
 l - a scroll of summoning {unknown}
 n - a scroll of vulnerability {unknown}
 o - a scroll of fog {unknown}
 p - a scroll of poison {unknown}
Potions
 f - a potion of haste {unknown}
 h - a potion of cancellation
 j - 2 potions of curing {unknown}
 k - a potion of ambrosia {unknown}


   Skills:
 - Level 1.7 Short Blades
 + Level 5.3 Axes
 - Level 1.0 Armour
 - Level 2.6 Stealth


You had 3 spell levels left.
You didn't know any spells.
Your spell library contained the following spells:

 Spells                   Type           Power      Damage    Failure   Level
 Sandblast                Erth           0%         2d4       43%         1
 Passwall                 Tmut/Erth      0%         N/A       56%         2
 Stone Arrow              Conj/Erth      0%         3d7       80%         3


Dungeon Overview and Level Annotations

Branches:
Dungeon (2/15)

Altars:

Annotations:
D:2 Terence


Innate Abilities, Weirdness & Mutations

You are partially covered in icy blue scales. (AC +2)
You regenerate a little health from kills.


Message History

You feel drained.
You barely miss Terence.
Terence hits you with a +2 mace of draining.
You feel drained.
You hit Terence but do no damage. Terence hits you but does no damage.
You feel drained.
You closely miss Terence. Terence hits you but does no damage.
You feel drained.
You hit Terence but do no damage. Terence completely misses you.
You hit Terence.
Terence is lightly wounded.
Terence screams, "I'm going to kill you!"
Terence hits you with a +2 mace of draining.
You feel drained.
You hit Terence.
Terence is heavily wounded.
Terence barely misses you.
You closely miss Terence.
Terence is heavily wounded.
Terence hits you with a +2 mace of draining.
You feel drained.
You closely miss Terence.
Terence is heavily wounded.
Terence hits you with a +2 mace of draining.
* * * LOW HITPOINT WARNING * * *
You feel drained.
Unknown command.
As you read the scroll labelled ECITUPPUC QEIS, it crumbles to dust.
It is a scroll of identify.
h - a potion of cancellation Terence hits you with a +2 mace of draining.
* * * LOW HITPOINT WARNING * * *
You feel drained.
* * * LOW HITPOINT WARNING * * *
As you read the scroll labelled SOTURUDITT, it crumbles to dust.
You feel strangely unstable.
It was a scroll of teleportation.
Terence hits you but does no damage.
You feel drained. Terence attacks as you move away!
Terence hits you with a +2 mace of draining.
You die...

....##.#..#.##.##.#########
..#.......#.##.#.........# #..
...###.#..........##.###.# ###.#
...###.##.#.##.#..##.# #.# #....
#......##......#..##.# #.# #.#.#
..#....##.........##.# #.# #.#.#
.......##.#....##.##.###.###.#.#
#.#....####.#.###.#.......##.#.#
#.#...## #.#..@@.'............##
.##...# #.#####.#.......##.....
)##...#####.....#.#.......#######
###.............>.#.......# #
#...#########.###.......# ....#
#.# ######### # ..... #.. #...
#### ....


You could see Terence.

Vanquished Creatures
  2 adders (D:2)
  3 worms (D:2)
  2 dart slugs
  6 ball pythons
  6 endoplasms
  A giant cockroach (D:1)
  6 goblins
  3 hobgoblins
  5 jackals
  6 kobolds
  A quokka (D:1)
  4 bats
  6 frilled lizards
51 creatures vanquished.

Notes
Turn   | Place    | Note
-------+----------+-------------------------------------------
     0 | D:1      | growler the Demonspawn Wanderer began the quest for the
                  | Orb.
     0 | D:1      | growler set off with the following items: a +2 hand axe, a
                  | +0 short sword, a +0 cloak, a scroll of blinking, a +0
                  | leather armour.
     0 | D:1      | Reached XP level 1. HP: 13/13 MP: 1/1
   587 | D:1      | Reached skill level 4 in Axes
   597 | D:1      | Gained mutation: You regenerate a little health from kills.
                  | [demonic ancestry]
   597 | D:1      | Reached XP level 2. HP: 10/19 MP: 2/2
   913 | D:1      | Gained mutation: You are partially covered in icy blue
                  | scales. (AC +2) [demonic ancestry]
   913 | D:1      | Reached XP level 3. HP: 16/24 MP: 3/3
  1654 | D:2      | Reached skill level 5 in Axes
  2170 | D:2      | Reached XP level 4. HP: 30/30 MP: 4/4
  2276 | D:2      | Noticed Terence
  2289 | D:2      | HP: 1/20 [Terence/+2 mace of draining (1)]
  2291 | D:2      | Slain by Terence

Illustrated notes

Levels and vault maps discovered:
D:1:      dpeg_arrival_another_circle, layout_basic
D:2:      layout_basic, amcnicky_mini_rare_corridor_liquid,
          minmay_increasing_density, uniq_terence

Skill      XL: |  1  2  3 |
---------------+----------+-----
Axes           | 4 5 |  5.3
Short Blades   | |  1.7
Armour         | |  1.0
Stealth        | |  2.6

Action                   |  1- 3 |  4- 6 || total
-------------------------+-------+-------++-------
Melee: Hand axe          |   126 |    29 ||   155
       Punch             |     1 |       ||     1
  Use: Scroll            |       |     2 ||     2
 Stab: Sleeping          |     1 |     1 ||     2
Armor: Leather armour    |    52 |     7 ||    59
Dodge: Dodged            |    63 |    13 ||    76
